 Dungeon Crawl Stone Soup version 0.31.0-32-g396128a36d (webtiles) character file.

Game seed: 10422161210240843400

51 NotreDorf the Poker (level 3, -5/28 HPs)
             Began as a Merfolk Gladiator on Mar 27, 2024.
             Slain by Robin
             ... wielding a +0 mace
              (7 damage)
             ... on level 2 of the Dungeon.
             The game lasted 00:04:55 (1127 turns).

NotreDorf the Poker (Merfolk Gladiator)             Turns: 1127, Time: 00:04:56

Health: -5/28      AC:  4    Str: 16    XL:     3   Next: 83%
Magic:  3/3        EV: 11    Int:  7    God:
Gold:   49         SH:  8    Dex: 15    Spells: 2/2 levels left

rFire   . . .        a - +0 trident
rCold   . . .        g - +0 kite shield
rNeg    . . .        b - +0 leather armour
rPois   .            c - +0 helmet
rElec   .            (no cloak)
rCorr   .            (no gloves)
SInv    .            (no boots)
Will    .....        (no amulet)
Stlth   ++           (no ring)
HPRegen 0.24/turn    (no ring)
MPRegen 0.08/turn

%: no passive effects
@: brilliant
A: (nimble swimmer 2), mertail
a: no special abilities


You were on level 2 of the Dungeon.
You visited 1 branch of the dungeon, and saw 2 of its levels.

You collected 49 gold pieces.

Inventory:

Hand Weapons
 a - a +0 trident (weapon)
Missiles
 d - 3 throwing nets (quivered)
 e - a javelin
Armour
 b - a +0 leather armour (worn)
 c - a +0 helmet (worn)
 g - a +0 kite shield (worn)
Scrolls
 h - a scroll of identify {unknown}
 i - a scroll of enchant armour {unknown}
 j - a scroll of blinking {unknown}


   Skills:
 + Level 2.8 Fighting
 + Level 4.5 Polearms
 - Level 2.0 Throwing
 + Level 4.5 Dodging
 + Level 1.6 Stealth
 + Level 1.0 Shields


You had 2 spell levels left.
You didn't know any spells.
Your spell library contained the following spells:

 Spells                   Type           Power      Damage    Failure   Level
 Necrotise                Necr           0%         1d4       88%         1
 Vampiric Draining        Necr           0%         2d6       99%         3
 Martyr's Knell           Necr/Summ      0%         N/A       100%        4
 Curse of Agony           Necr           0%         N/A       100%        5


Dungeon Overview and Level Annotations

Branches:
Dungeon (2/15)

Altars:

Annotations:
D:2 Robin


Innate Abilities, Weirdness & Mutations

((You are very nimble when in or above water. (Stealth+, EV+, Speed+++)))
Your lower body shifts to a powerful aquatic tail in water.


Message History

You kill the goblin!
The goblin unwields a +0 club.
The goblin wields a +0 sling.
The goblin shoots a sling bullet.
The sling bullet closely misses you. The goblin barely misses you.
Robin throws the goblin at you! The hobgoblin barely misses you.
Your Shields skill increases to level 1!
You hit the goblin but do no damage. The goblin hits you with a +0 club.
The goblin unwields a +0 sling.
The goblin wields a +0 club.
You block the goblin's attack.
The hobgoblin hits you but does no damage.
The goblin hits you with a +0 club. The hobgoblin barely misses you.
You hit the goblin.
The goblin is severely wounded.
You block the goblin's attack. The goblin hits you but does no damage.
The hobgoblin hits you but does no damage.
The goblin barely misses you.
You hit the goblin.
You kill the goblin!
Robin roars a battlecry!
The goblins go into a battle-frenzy!
You block the goblin's attack. The hobgoblin hits you.
You puncture Robin!
Robin is heavily wounded.
Robin throws the goblin at you! You block the goblin's attack.
The hobgoblin closely misses you. The goblin hits you but does no damage.
Robin closely misses you. The goblin hits you with a +0 club.
You hit Robin.
Robin is almost dead.
The goblin hits you with a +0 club. You block the hobgoblin's attack.
The goblin hits you but does no damage. Robin hits you with a +0 mace.
* * * LOW HITPOINT WARNING * * *
The hobgoblin hits you.
* * * LOW HITPOINT WARNING * * *
The goblin hits you with a +0 club.
* * * LOW HITPOINT WARNING * * *
It was a potion of brilliance.
You feel clever all of a sudden. Robin hits you with a +0 mace!
You die...
Robin lets out a smug laugh.

..... ......
...... ......#
.......
.!..$..##
........##
....g.#gg###
..... ##g@g#
#### ###g#####
#†)...##.#
########<......#
.........####.##
##########


You could see Robin, 2 hobgoblins and 2 goblins.

Vanquished Creatures
  A gnoll (D:1)
  A ribbon worm (D:2)
  An endoplasm (D:1)
  A giant cockroach (D:1)
  7 goblins
  5 hobgoblins
  4 jackals (D:2)
  A quokka (D:1)
  A ball python (D:1)
  2 bats (D:1)
  2 frilled lizards (D:1)
  5 kobolds
  5 rats
36 creatures vanquished.

Notes
Turn   | Place    | Note
-------+----------+-------------------------------------------
     0 | D:1      | NotreDorf the Merfolk Gladiator began the quest for the
                  | Orb.
     0 | D:1      | Reached XP level 1. HP: 16/16 MP: 1/1
   136 | D:1      | Reached XP level 2. HP: 23/23 MP: 2/2
   191 | D:1      | Found a faded altar of an unknown god.
   257 | D:1      | Reached skill level 1 in Stealth
   881 | D:2      | Reached XP level 3. HP: 18/28 MP: 3/3
  1093 | D:2      | Noticed Robin
  1122 | D:2      | Reached skill level 1 in Shields
  1127 | D:2      | Slain by Robin

Illustrated notes

Levels and vault maps discovered:
D:1:      minmay_arrival_jagged, layout_basic, shapermc_ecumenical_altar_gd,
          serial_bayou_pond_a
D:2:      layout_rooms, ebering_dispersal_statue_hall, chequers_arboretum,
          uniq_robin

Skill      XL: |  1  2  3 |
---------------+----------+-----
Stealth        | 1 |  1.6
Shields        | 1 |  1.0
Fighting       | |  2.8
Polearms       | |  4.5
Throwing       | |  2.0
Dodging        | |  4.5

Action                     || total
---------------------------++-------
  Melee: Trident           ||   133
    Use: Potion            ||     1
   Stab: Sleeping          ||     3
 Armour: Leather armour    ||    64
  Dodge: Dodged            ||    48
  Block: Kite shield       ||    36
